[Event "Titled Tuesday Blitz October 31 Early 2023"]
[White "ivana_999"]
[Black "Cuevas Araya, Walter"]
[BlackFideId "3405028"]
[WhiteElo "2036"]
[BlackElo "2272"]
[Result "1-0"]
[Round "9"]
[TimeControl "180+1"]
[Date "2023.10.31"]
[WhiteClock "0:00:13"]
[BlackClock "0:00:19"]
[Board "135"]

1. d4 e5 2. c4 exd4 3. Qxd4 Nc6 4. Qd1 Nf6 5. Nc3 Bb4 6. Nf3 O-O 7. Bg5 h6 8. Bh4 d5 9. cxd5 Qxd5 10. Bxf6 Qxd1+ 11. Rxd1 gxf6 12. e3 Ne5 13. Be2 Be6 14. O-O Bxc3 15. bxc3 Bxa2 16. Nxe5 fxe5 17. Rd7 Rfc8 18. Bh5 Be6 19. Rd2 a5 20. f4 exf4 21. exf4 Rd8 22. Rdf2 f6 23. Rf3 Bf7 24. Rg3+ Kf8 25. Bf3 c6 26. Rh3 Kg7 27. Rg3+ Kh8 28. Rh3 Kg7 29. Rg3+ Kf8 30. Rh3 Rd3 31. Rxh6 Kg7 32. Rh3 Rxc3 33. Re1 Re8 34. Rd1 Re7 35. Rd8 Re8 36. Rd7 Rc1+ 37. Kf2 Rb1 38. Bh5 Rb2+ 39. Kg3 Rb3+ 40. Kh4 Rxh3+ 41. gxh3 Rf8 42. Rxb7 Kg8 43. Ra7 Kg7 44. Rxa5 Rh8 45. Kg4 Bxh5+ 46. Rxh5 Rxh5 47. Kxh5 c5 48. Kg4 c4 49. Kf3 Kg6 50. Ke4 Kh5 51. Kd4 Kh4 52. Kxc4 Kxh3 53. Kd5 Kxh2 54. Ke6 Kg3 55. f5 Kg4 56. Kxf6 Kh5 57. Ke7 Kh6 58. f6 Kh7 59. f7 Kg7 60. f8=Q+ 1-0


[Site "https://www.chess.com"]

[Event "Titled Tuesday Blitz October 31 Early 2023"]
[White "Floresvillar Gonzalez, Luis Migu"]
[Black "Sarkar, Justin"]
[WhiteFideId "5100542"]
[BlackFideId "2010011"]
[WhiteElo "2175"]
[BlackElo "2231"]
[Result "1-0"]
[Round "9"]
[TimeControl "180+1"]
[Date "2023.10.31"]
[WhiteClock "0:00:58"]
[BlackClock "0:00:00"]
[Board "136"]

1. d3 e6 2. c4 d5 3. Nc3 Nf6 4. g3 d4 5. Nb1 e5 6. Bg2 Bb4+ 7. Bd2 a5 8. a3 Be7 9. Bg5 O-O 10. Nd2 Nfd7 11. Bxe7 Qxe7 12. Ngf3 Nc6 13. O-O Nc5 14. Qc2 Be6 15. Rfb1 f5 16. Nf1 e4 17. Ne1 Bf7 18. b4 axb4 19. axb4 Nxb4 20. Qb2 Rxa1 21. Rxa1 Nc6 22. Nd2 Bg6 23. Nb3 Nxb3 24. Qxb3 Qb4 25. Qc2 h5 26. Rb1 Qa5 27. Kf1 e3 28. f4 Nb4 29. Qb3 c5 30. Nc2 Nxc2 31. Qxc2 b6 32. Bd5+ Kh7 33. h4 Rf6 34. Qb2 Be8 35. Ra1 Qb4 36. Qxb4 cxb4 37. Rb1 b5 38. Rxb4 Ra6 39. cxb5 Ra1+ 40. Kg2 1-0


[Site "https://www.chess.com"]

[Event "Titled Tuesday Blitz October 31 Early 2023"]
[White "Fernandez Hernandez, Gerardo"]
[Black "Kiseleva, Arina"]
[WhiteFideId "2207400"]
[BlackFideId "4164989"]
[WhiteElo "2149"]
[BlackElo "2217"]
[Result "1-0"]
[Round "9"]
[TimeControl "180+1"]
[Date "2023.10.31"]
[WhiteClock "0:00:15"]
[BlackClock "0:00:03"]
[Board "137"]

1. e4 c6 2. d4 d5 3. exd5 cxd5 4. c4 Nf6 5. Nc3 e6 6. c5 b6 7. b4 a5 8. Na4 Nbd7 9. Bb5 Ba6 10. Bxa6 Rxa6 11. b5 Ra7 12. c6 Bb4+ 13. Bd2 Bxd2+ 14. Qxd2 Ne4 15. cxd7+ Qxd7 16. Qd3 O-O 17. Nf3 Nd6 18. Rb1 Nc4 19. O-O Rc7 20. Ne5 Nxe5 21. dxe5 Rb8 22. Rbc1 g6 23. Nc3 Rbc8 24. Ne2 Rxc1 25. Rxc1 Rxc1+ 26. Nxc1 Qc7 27. Ne2 Qxe5 28. Nd4 Qe1+ 29. Qf1 Qd2 30. Qa1 Qd3 31. h3 e5 32. Nf3 e4 33. Nd4 e3 34. fxe3 Qxe3+ 35. Kh1 h5 36. a4 Qe4 37. Qd1 h4 38. Nc6 g5 39. Qd4 Qe1+ 40. Kh2 Qg3+ 41. Kh1 Qe1+ 42. Qg1 Qe4 43. Nd4 g4 44. hxg4 Qxg4 45. Qe3 Qd1+ 46. Kh2 Qg4 47. Nf3 Qh5 48. Qg5+ Qxg5 49. Nxg5 d4 50. Ne4 d3 51. Kh3 f5 52. Nd2 Kf7 53. Kxh4 Kf6 54. Kg3 Ke5 55. Kf3 Kd4 56. Kf2 f4 57. Kf3 Kc3 58. Ne4+ Kb4 59. Kxf4 Kxa4 60. g4 Kxb5 61. g5 a4 62. g6 a3 63. g7 a2 64. Nc3+ Kc5 65. Nxa2 d2 66. Nc3 b5 67. g8=Q b4 68. Qd5+ Kb6 69. Qxd2 bxc3 70. Qxc3 Kb5 71. Ke5 Kb6 72. Kd5 Kb5 73. Qb3+ Ka6 74. Kc6 Ka5 75. Qa3# 1-0


[Site "https://www.chess.com"]

[Event "Titled Tuesday Blitz October 31 Early 2023"]
[White "Vargas, Mauricio"]
[Black "Limontaite, Simona"]
[WhiteFideId "4404572"]
[BlackFideId "12802506"]
[WhiteElo "1861"]
[BlackElo "2200"]
[Result "0-1"]
[Round "9"]
[TimeControl "180+1"]
[Date "2023.10.31"]
[WhiteClock "0:00:00"]
[BlackClock "0:01:13"]
[Board "138"]

1. e4 c5 2. Nc3 Nc6 3. f4 g6 4. Nf3 Bg7 5. Bb5 Nd4 6. Bf1 e6 7. d3 Ne7 8. g3 O-O 9. Bg2 Rb8 10. O-O b5 11. Ne2 Nec6 12. c3 Nxe2+ 13. Qxe2 d6 14. Kh1 Bb7 15. Be3 b4 16. Rac1 a5 17. h3 Re8 18. g4 f5 19. Ng5 h6 20. Nf3 Ne7 21. Qf2 fxe4 22. dxe4 Bxe4 23. Qh4 Nd5 24. Bd2 Qxh4 25. Nxh4 Bxg2+ 26. Kxg2 Kh7 27. f5 exf5 28. gxf5 g5 29. Ng6 Ne3+ 30. Bxe3 Rxe3 31. Rce1 Rbe8 32. Rxe3 Rxe3 33. Rc1 bxc3 34. bxc3 Rxc3 35. Rd1 Bd4 36. Rb1 Rc2+ 37. Kh1 Kg7 38. Rb7+ Kf6 0-1


[Site "https://www.chess.com"]

[Event "Titled Tuesday Blitz October 31 Early 2023"]
[White "campochess"]
[Black "Skiadopoulos, Nikolaos"]
[BlackFideId "4200772"]
[WhiteElo "2183"]
[BlackElo "1791"]
[Result "1-0"]
[Round "9"]
[TimeControl "180+1"]
[Date "2023.10.31"]
[WhiteClock "0:00:16"]
[BlackClock "0:00:00"]
[Board "139"]

1. c4 Nf6 2. Nc3 d5 3. d4 e6 4. Nf3 Be7 5. e3 O-O 6. Bd3 dxc4 7. Bxc4 b6 8. O-O Ba6 9. Bxa6 Nxa6 10. e4 c5 11. d5 exd5 12. exd5 Nb4 13. Re1 Nbxd5 14. Nxd5 Nxd5 15. Qb3 Nb4 16. Be3 Qd5 17. Qa4 Nd3 18. Reb1 c4 19. Qd1 Rad8 20. a4 Bf6 21. Qd2 Qc6 22. a5 b5 23. Qe2 a6 24. Nd2 Bxb2 25. Ra2 Be5 26. Bb6 Rd5 27. Nf3 Bf6 28. Rd2 Re8 29. Qf1 Rf5 30. Re2 Re6 31. Rxe6 Qxe6 32. Rd1 h6 33. Rd2 Bc3 34. Re2 Qd7 35. Qd1 Rd5 36. Qb1 Nf4 37. Re4 Rd1+ 38. Qxd1 Qxd1+ 39. Ne1 Bxe1 40. g3 Bxf2+ 41. Kxf2 Qc2+ 42. Ke3 Qd3+ 43. Kxf4 g5+ 44. Ke5 c3 45. Rd4 1-0


[Site "https://www.chess.com"]

[Event "Titled Tuesday Blitz October 31 Early 2023"]
[White "Gyulamiryan-koryun"]
[Black "Piesik, Piotr"]
[BlackFideId "1136194"]
[WhiteElo "1909"]
[BlackElo "2651"]
[Result "0-1"]
[Round "9"]
[TimeControl "180+1"]
[Date "2023.10.31"]
[WhiteClock "0:00:04"]
[BlackClock "0:01:38"]
[Board "141"]

1. Nf3 g6 2. g3 Bg7 3. Bg2 d5 4. d3 Nf6 5. Nbd2 O-O 6. O-O Nbd7 7. c4 c6 8. Rb1 e5 9. e4 dxe4 10. dxe4 a5 11. b3 Qe7 12. Bb2 Ne8 13. Qc1 Nc5 14. Ne1 Nc7 15. f4 Rd8 16. fxe5 Bh6 17. Qc2 Rxd2 18. Qc3 N7e6 19. Nf3 Rd3 20. Qc2 Ng5 21. e6 Nxf3+ 22. Bxf3 Bxe6 23. Ba3 Rad8 24. Rbd1 Rxd1 25. Rxd1 Rxd1+ 26. Qxd1 Be3+ 27. Kg2 Qd7 28. Bxc5 Qxd1 29. Bxd1 Bxc5 30. Kf3 Kg7 31. g4 Kf6 32. h4 Ke5 33. Bc2 Kd4 34. h5 Kc3 35. Bb1 Kb2 36. Bd3 Kxa2 37. hxg6 hxg6 38. Kf4 Kxb3 39. g5 a4 40. Ke5 a3 41. Kf6 a2 42. e5 a1=Q 43. Bxg6 fxg6 44. Kxg6 Qxe5 45. Kh7 Bf5+ 46. g6 Qe7+ 47. Kh6 Be3+ 48. Kh5 Qg5# 0-1


[Site "https://www.chess.com"]

[Event "Titled Tuesday Blitz October 31 Early 2023"]
[White "Garrido, Denis"]
[Black "leonidsh29"]
[WhiteFideId "601217"]
[WhiteElo "2297"]
[BlackElo "2033"]
[Result "0-1"]
[Round "9"]
[TimeControl "180+1"]
[Date "2023.10.31"]
[WhiteClock "0:00:00"]
[BlackClock "0:00:24"]
[Board "142"]

1. Nf3 d6 2. d4 Nf6 3. c4 g6 4. Nc3 Bg7 5. e4 O-O 6. Be2 Nbd7 7. Be3 e5 8. d5 Nc5 9. Nd2 a5 10. g4 c6 11. Rg1 cxd5 12. cxd5 Ne8 13. Nb3 b6 14. Bb5 Nc7 15. Bc6 Rb8 16. Nxc5 bxc5 17. Qd2 Ba6 18. f3 Nb5 19. Nxb5 Bxb5 20. Bxb5 Rxb5 21. Rg2 Qf6 22. Rf2 Qe7 23. Rc1 Rfb8 24. Rc2 Bf6 25. Kf1 Qb7 26. Kg2 Bd8 27. Qc3 Rb4 28. Kg3 Qe7 29. Kg2 c4 30. Qa3 Qb7 31. Kg3 Bb6 32. Bxb6 Qxb6 33. h4 Qb5 34. Rfd2 Qa4 35. Qxa4 Rxa4 36. a3 Rc8 37. Rc3 Rb8 38. Rdc2 Rc8 39. Kf2 Kf8 40. Ke2 Ke7 41. Kd2 Kd7 42. Kc1 f5 43. gxf5 gxf5 0-1


[Site "https://www.chess.com"]

[Event "Titled Tuesday Blitz October 31 Early 2023"]
[White "kingapolak"]
[Black "Bongo Akanga Ndjila, Barthelemy"]
[BlackFideId "10609431"]
[WhiteElo "2149"]
[BlackElo "2024"]
[Result "1-0"]
[Round "9"]
[TimeControl "180+1"]
[Date "2023.10.31"]
[WhiteClock "0:01:38"]
[BlackClock "0:00:00"]
[Board "143"]

1. e4 e6 2. d3 d5 3. Nd2 Nf6 4. e5 Nfd7 5. Ngf3 c5 6. c3 Nc6 7. d4 a6 8. a4 Qb6 9. Nb3 cxd4 10. cxd4 Bb4+ 11. Bd2 Be7 12. Bd3 h6 13. O-O O-O 14. a5 Qd8 15. Re1 1-0


[Site "https://www.chess.com"]

[Event "Titled Tuesday Blitz October 31 Early 2023"]
[White "Pranav, V"]
[Black "So, Wesley"]
[WhiteFideId "25060783"]
[BlackFideId "5202213"]
[WhiteElo "3043"]
[BlackElo "3119"]
[Result "1-0"]
[Round "10"]
[TimeControl "180+1"]
[Date "2023.10.31"]
[WhiteClock "0:00:05"]
[BlackClock "0:00:17"]
[Board "1"]

1. e4 e5 2. Nf3 Nc6 3. Bb5 Nf6 4. d3 Ne7 5. O-O c6 6. Ba4 Ng6 7. Re1 Bb4 8. c3 Ba5 9. d4 d6 10. Nbd2 O-O 11. h3 Re8 12. Bc2 h6 13. a3 Bc7 14. Nf1 d5 15. Nxe5 Nxe5 16. dxe5 Nxe4 17. f3 Nc5 18. f4 Bb6 19. Be3 f6 20. Qh5 fxe5 21. fxe5 Ne4 22. Bxe4 dxe4 23. Rad1 Qe7 24. Bxb6 axb6 25. Rxe4 Be6 26. Ne3 Rad8 27. Rxd8 Rxd8 28. Rd4 Re8 29. Re4 Rd8 30. Kh2 Rd2 31. Qg6 Rxb2 32. Ra4 Bc8 33. Ng4 Qe6 34. Nf6+ Kf8 35. Nh7+ Kg8 36. Nf6+ Kf8 37. Rf4 Re2 38. Nh7+ Ke7 39. Qxg7+ Kd8 40. Rf8+ Qe8 41. Rxe8+ Kxe8 42. Qf8+ 1-0


[Site "https://www.chess.com"]

[Event "Titled Tuesday Blitz October 31 Early 2023"]
[White "Mahdavi, Reza"]
[Black "Le, Quang Liem"]
[WhiteFideId "12595926"]
[BlackFideId "12401137"]
[WhiteElo "2934"]
[BlackElo "3040"]
[Result "0-1"]
[Round "10"]
[TimeControl "180+1"]
[Date "2023.10.31"]
[WhiteClock "0:00:03"]
[BlackClock "0:00:10"]
[Board "2"]

1. e4 c6 2. d4 d5 3. e5 Bf5 4. Nc3 e6 5. g4 Bg6 6. Nge2 f6 7. h4 fxe5 8. dxe5 Bb4 9. h5 Bf7 10. Bf4 c5 11. a3 Ba5 12. Bg2 Nc6 13. O-O Bc7 14. Re1 Nh6 15. Ng3 Qh4 16. Nb5 O-O-O 17. Bf3 g5 18. hxg6 hxg6 19. Kg2 Nxg4 20. Bxg4 Qh2+ 21. Kf1 Rdf8 22. Qxd5 Kb8 23. Qd7 Bb6 24. Ke2 Qh4 25. f3 Qh2+ 26. Ke3 c4+ 27. Nd4 Bxd4+ 28. Qxd4 Nxd4 29. Kxd4 Qxc2 30. Ke3 Rd8 31. Ne2 Rd2 32. Kf2 Rd4 33. Be3 Rd3 34. Rac1 Qxb2 35. Rxc4 Rh2+ 36. Kg3 Rxe2 37. Rec1 Rd8 38. Bg5 Rg2+ 39. Kh4 Rh2+ 40. Bh3 Qf2+ 41. Kg4 Rh8 42. Bf1 R2h4+ 43. Bxh4 Qxh4# 0-1


[Site "https://www.chess.com"]

[Event "Titled Tuesday Blitz October 31 Early 2023"]
[White "Nakamura, Hikaru"]
[Black "Mitrabha, Guha"]
[WhiteFideId "2016192"]
[BlackFideId "5057000"]
[WhiteElo "3230"]
[BlackElo "2855"]
[Result "1-0"]
[Round "10"]
[TimeControl "180+1"]
[Date "2023.10.31"]
[WhiteClock "0:01:21"]
[BlackClock "0:01:26"]
[Board "3"]

1. Nf3 Nf6 2. d4 e6 3. c4 c5 4. d5 d6 5. Nc3 a6 6. a4 Qe7 7. Nd2 g6 8. g3 exd5 9. cxd5 Bg7 10. Bg2 O-O 11. Nc4 Nbd7 12. Bf4 Ne8 13. h4 h6 14. Qd2 h5 15. Bg5 Nef6 16. Ne4 Nxe4 17. Bxe7 Nxd2 18. Kxd2 Re8 19. Bxd6 b6 20. Bc7 Ra7 21. Bxb6 Nxb6 22. Nxb6 Bxb2 23. Rab1 Ba3 24. Nxc8 Rxc8 25. Kc3 Bb4+ 26. Kc4 Re7 27. e3 f5 28. d6 Rd7 29. Bd5+ Kg7 30. Be6 Rcd8 31. Bxd7 Rxd7 32. Rhd1 1-0


[Site "https://www.chess.com"]

[Event "Titled Tuesday Blitz October 31 Early 2023"]
[White "Kovalev, Vladislav"]
[Black "Martinez Alcantara, Jose Eduardo"]
[WhiteFideId "13504398"]
[BlackFideId "3805662"]
[WhiteElo "2900"]
[BlackElo "3128"]
[Result "1-0"]
[Round "10"]
[TimeControl "180+1"]
[Date "2023.10.31"]
[WhiteClock "0:00:06"]
[BlackClock "0:00:02"]
[Board "4"]

1. e4 c5 2. Nf3 d6 3. Bb5+ Nd7 4. O-O a6 5. Bd3 Ngf6 6. c3 e5 7. Bc2 Be7 8. d4 O-O 9. Re1 b5 10. Nbd2 Rb8 11. Nf1 Re8 12. Ng3 Bf8 13. a4 Qc7 14. h3 Bb7 15. d5 Bc8 16. Nh2 c4 17. Ng4 Nxg4 18. hxg4 g6 19. Be3 Nc5 20. axb5 Rxb5 21. Ra2 Nb3 22. f3 a5 23. Nf1 Bd7 24. Qe2 Reb8 25. Rb1 R5b7 26. Nd2 Bb5 27. Qe1 a4 28. Rd1 Nc5 29. Nb1 Nb3 30. Na3 Ba6 31. Qf2 Be7 32. Rb1 Bd8 33. Bd1 Qc8 34. Nc2 Bb5 35. Nb4 Bb6 36. Bxb6 Rxb6 37. Be2 R6b7 38. Qe3 Ra8 39. Kf2 Qd8 40. Rh1 f6 41. Nc6 Qc7 42. Nb4 Rf8 43. g3 Qc8 44. Kg2 Qc7 45. Bf1 Ra7 46. Rh2 Raa8 47. Be2 Rf7 48. Qf2 Raf8 49. Qe3 Rg7 50. Rh1 f5 51. gxf5 gxf5 52. exf5 Rxf5 53. Rh4 Rf6 54. Nc6 Bxc6 55. dxc6 d5 56. Rxa4 Qxc6 57. Ra7 Qe8 58. Rxg7+ Kxg7 59. Qg5+ Rg6 60. Qh5 h6 61. Bd1 Nc5 62. Bc2 Nd3 63. Qf5 Ne1+ 64. Kf2 Nxc2 65. Qxc2 Qf8 66. Qe2 Qd6 67. Qd2 e4 68. Rf4 Qb6+ 69. Kg2 e3 70. Qe2 Re6 71. Rd4 Qc5 72. f4 Qa5 73. f5 Re5 74. Qg4+ Kf8 75. Qg6 Qc7 76. Qf6+ Ke8 77. Rg4 Qe7 78. Rg8+ Kd7 79. Rg7 Qxg7 80. Qxg7+ Re7 81. Qd4 e2 82. Qxd5+ Ke8 83. Qg8+ Kd7 84. Qd5+ Ke8 85. Qc6+ Kd8 86. Qd6+ Ke8 87. Qxe7+ Kxe7 88. Kf2 Kf6 89. g4 h5 90. gxh5 e1=R 91. Kxe1 1-0


[Site "https://www.chess.com"]

[Event "Titled Tuesday Blitz October 31 Early 2023"]
[White "Andreikin, Dmitry"]
[Black "Xu, Xiangyu"]
[WhiteFideId "4158814"]
[BlackFideId "8608288"]
[WhiteElo "3098"]
[BlackElo "2926"]
[Result "1-0"]
[Round "10"]
[TimeControl "180+1"]
[Date "2023.10.31"]
[WhiteClock "0:02:34"]
[BlackClock "0:02:19"]
[Board "5"]

1. Nf3 d5 2. d4 Nf6 3. c4 e6 4. Bg5 dxc4 5. e4 Bb4+ 6. Nc3 c5 7. Bxc4 cxd4 8. Nxd4 Qa5 9. Bd2 O-O 10. Nb3 Qc5 1-0


[Site "https://www.chess.com"]

[Event "Titled Tuesday Blitz October 31 Early 2023"]
[White "Pranav Anand"]
[Black "Bluebaum, Matthias"]
[WhiteFideId "46626786"]
[BlackFideId "24651516"]
[WhiteElo "2918"]
[BlackElo "3064"]
[Result "1-0"]
[Round "10"]
[TimeControl "180+1"]
[Date "2023.10.31"]
[WhiteClock "0:00:10"]
[BlackClock "0:00:10"]
[Board "6"]

1. d4 d5 2. Nf3 e6 3. g3 Nf6 4. Bg2 Bd6 5. O-O O-O 6. Bg5 h6 7. Bxf6 Qxf6 8. Nbd2 c5 9. c3 Nc6 10. dxc5 Bxc5 11. e4 Rd8 12. Qe2 a5 13. Rfd1 a4 14. a3 b6 15. e5 Qe7 16. Re1 Ba6 17. Qd1 Bb5 18. Bf1 Bxf1 19. Nxf1 d4 20. c4 d3 21. Re4 Qb7 22. N1d2 Ne7 23. Qf1 b5 24. Rc1 b4 25. axb4 Qxb4 26. Rb1 Rab8 27. Rg4 Nf5 28. Ne4 Be7 29. Nfd2 Qb7 30. Qh3 Bb4 31. Rd1 Bxd2 32. Rxd2 Kh8 33. Qf1 Qb4 34. c5 Rd4 35. Qe1 Rc4 36. Kf1 Rd8 37. Rf4 Rc2 38. Qd1 Qc4 39. Nd6 Qxc5 40. Nxf7+ Kh7 41. Nxd8 Rc1 42. Rxd3 Rxd1+ 43. Rxd1 Qxe5 44. Kg1 Qb5 45. Nxe6 Qxb2 46. Rxf5 Qc2 47. Rfd5 a3 48. Nf8+ Kg8 49. Rd8 a2 50. Ng6+ Kf7 51. Ne5+ Kf6 52. Ng4+ Kg5 53. Ne3 Qa4 54. Ra1 h5 55. h4+ Kh6 56. Rd2 g5 57. Rdxa2 Qb5 58. Ra6+ Kg7 59. R6a5 Qb2 60. Rxg5+ Kf6 61. Ra6+ Ke7 62. Ra7+ Kf6 63. Ra6+ Ke7 64. Rd5 Qb1+ 65. Kg2 Qb7 66. Rh6 Kf8 67. Rf6+ Kg7 68. Rf5 Qa8 69. Rg5+ Kh6 70. Rxh5+ Kg6 71. Rf5 Qb7 72. h5+ Kh6 73. Rf6+ Kg7 74. Rg6+ Kh7 75. Kh2 Qf7 76. Kg1 Qa7 77. Rgd6 Qa1+ 78. Kg2 Qa8 79. Rd7+ Kg8 80. Rd8+ Kg7 81. Rxa8 Kh6 82. Ra6+ Kg7 83. Rd7+ Kf8 84. Ra8# 1-0


[Site "https://www.chess.com"]

[Event "Titled Tuesday Blitz October 31 Early 2023"]
[White "Makarian, Rudik"]
[Black "Henriquez Villagra, Cristobal"]
[WhiteFideId "44105681"]
[BlackFideId "3409350"]
[WhiteElo "3038"]
[BlackElo "2903"]
[Result "1-0"]
[Round "10"]
[TimeControl "180+1"]
[Date "2023.10.31"]
[WhiteClock "0:00:24"]
[BlackClock "0:00:16"]
[Board "7"]

1. d4 d6 2. Nf3 Nf6 3. c4 g6 4. Nc3 Bg7 5. e4 O-O 6. Be2 Na6 7. O-O e5 8. Be3 Qe7 9. Nd5 Qe8 10. dxe5 dxe5 11. c5 c6 12. Nxf6+ Bxf6 13. Qd6 Bg7 14. Rfd1 Bg4 15. Bxa6 bxa6 16. Qc7 Bxf3 17. gxf3 Qe6 18. Kg2 Rfc8 19. Qd7 Rab8 20. Qxe6 fxe6 21. b3 Rb7 22. Rd6 Kf7 23. Rad1 Rbc7 24. Bg5 Bf6 25. Bxf6 Kxf6 26. Rd7 h5 27. Kg3 a5 28. h4 g5 29. R1d6 gxh4+ 30. Kxh4 Rxd7 31. Rxd7 Rg8 32. Kh3 Rg1 33. Rxa7 Rc1 34. Rxa5 Rc2 35. Kg2 Kg5 36. b4 h4 37. Ra8 Rc3 38. Rg8+ Kf6 39. Rc8 h3+ 40. Kxh3 Rxf3+ 41. Kg2 Ra3 42. Rxc6 Rxa2 43. b5 1-0


[Site "https://www.chess.com"]

[Event "Titled Tuesday Blitz October 31 Early 2023"]
[White "Svane, Frederik"]
[Black "Terry, Renato"]
[WhiteFideId "12923044"]
[BlackFideId "3803457"]
[WhiteElo "2885"]
[BlackElo "3027"]
[Result "0-1"]
[Round "10"]
[TimeControl "180+1"]
[Date "2023.10.31"]
[WhiteClock "0:00:04"]
[BlackClock "0:00:03"]
[Board "8"]

1. g3 d5 2. Nf3 Nf6 3. Bg2 c6 4. O-O Bg4 5. d3 Nbd7 6. Nbd2 e5 7. e4 dxe4 8. dxe4 Be7 9. h3 Bh5 10. Qe1 Bg6 11. Nh4 Nc5 12. Qe2 O-O 13. Rd1 Qc7 14. Nxg6 hxg6 15. Nf1 Rad8 16. Bg5 Ne6 17. Be3 Bc5 18. Bxc5 Nxc5 19. h4 Qb6 20. c3 Na4 21. Qc2 Nc5 22. b4 Ne6 23. Ne3 g5 24. hxg5 Nxg5 25. a4 Qc7 26. a5 b6 27. Nc4 g6 28. Qe2 c5 29. axb6 axb6 30. b5 Rxd1+ 31. Rxd1 Kg7 32. Qe3 Ne6 33. Bh3 Re8 34. Rd6 Nf8 35. Rxb6 Qd8 36. Bf1 Qa8 37. Rc6 N8d7 38. Nd6 Rh8 39. Ra6 Qb8 40. Qf3 Qc7 41. Nc4 Qb7 42. Rd6 Qc7 43. b6 Qb8 44. Qd3 Nf8 45. Nxe5 Ne6 46. Nf3 Nxe4 47. Rxe6 Nxg3 48. Rd6 Nf5 49. Rd5 Qf4 50. Rxf5 gxf5 51. Qe3 Qxe3 52. fxe3 Rb8 53. Kf2 Rxb6 54. Kg3 Rb3 55. c4 Rxe3 56. Kf4 Rc3 57. Ne5 Rc1 58. Bd3 Rd1 59. Bxf5 Kf6 60. Ng4+ Ke7 61. Ne3 Rd4+ 62. Ke5 f6# 0-1


[Site "https://www.chess.com"]

[Event "Titled Tuesday Blitz October 31 Early 2023"]
[White "Le, Tuan Minh"]
[Black "Kamsky, Gata"]
[WhiteFideId "12401153"]
[BlackFideId "2000024"]
[WhiteElo "2983"]
[BlackElo "2840"]
[Result "1-0"]
[Round "10"]
[TimeControl "180+1"]
[Date "2023.10.31"]
[WhiteClock "0:00:14"]
[BlackClock "0:00:00"]
[Board "9"]

1. d4 d5 2. Nf3 Nf6 3. c4 c6 4. e3 a6 5. Nc3 g6 6. h3 Bg7 7. Be2 O-O 8. O-O Be6 9. b3 Ne4 10. Bb2 Nxc3 11. Bxc3 c5 12. Rc1 dxc4 13. bxc4 cxd4 14. exd4 Bf5 15. d5 Bxc3 16. Rxc3 b6 17. Qd4 Bc8 18. h4 h6 19. Ne5 Qd6 20. Rb1 Qc5 21. Qf4 Kg7 22. Rg3 Nd7 23. Bd3 Qd6 24. Re1 Nxe5 25. Rxe5 Ra7 26. h5 Rg8 27. hxg6 f6 28. Rge3 Rd8 29. Qf3 Rf8 30. Rh5 Rh8 31. Qe4 b5 32. cxb5 axb5 33. Bxb5 Qc5 34. a4 Rc7 35. Qf4 Qd6 36. Qxd6 exd6 37. Rh4 Kxg6 38. Bc6 Ra7 39. Rb4 Bf5 40. g4 1-0


[Site "https://www.chess.com"]

[Event "Titled Tuesday Blitz October 31 Early 2023"]
[White "Daneshvar, Bardiya"]
[Black "Vakhlamov, Igor L."]
[WhiteFideId "12576468"]
[BlackFideId "24126748"]
[WhiteElo "2956"]
[BlackElo "2832"]
[Result "1-0"]
[Round "10"]
[TimeControl "180+1"]
[Date "2023.10.31"]
[WhiteClock "0:00:20"]
[BlackClock "0:00:00"]
[Board "10"]

1. Nf3 d5 2. e3 Nf6 3. c4 e6 4. Nc3 c5 5. cxd5 exd5 6. d4 Nc6 7. Bb5 cxd4 8. Nxd4 Bd7 9. O-O Bd6 10. Nf3 Be6 11. b3 O-O 12. Bb2 Rc8 13. Rc1 Qe7 14. h3 Rfd8 15. Ne2 Ne4 16. Nf4 Ba3 17. Qe2 h6 18. Rfd1 Rc7 19. Bxc6 Rxc6 20. Bxa3 Qxa3 21. Rxc6 bxc6 22. Qc2 c5 23. Ne5 Nf6 24. Nc6 Rd6 25. Ne7+ Kf8 26. Nf5 Bxf5 27. Qxf5 Qxa2 28. Qc8+ Ke7 29. Qxc5 Qxb3 30. Ra1 Qb6 31. Rxa7+ Ke8 32. Qa3 d4 33. Qa2 Rd7 34. Ra6 Qc5 35. Nd3 Qd5 36. Ra8+ Ke7 37. Qa3+ Qd6 38. Nc5 d3 39. Nxd7 d2 40. Qxd6+ Kxd6 41. Ra1 Ne4 42. Rd1 Kxd7 43. f3 Ng3 44. Rxd2+ Ke6 45. Kf2 Nf5 46. g4 Ne7 47. e4 Ng6 48. Kg3 Ne5 49. f4 Nc4 50. Rd4 Nd6 51. Kf3 f6 52. Ra4 Nb5 53. Ra6+ Kf7 54. Ke3 g5 55. fxg5 hxg5 56. Rb6 Nc3 57. Kd3 Nd1 58. Ke2 Nc3+ 59. Kf3 Nd1 60. Rb3 Ke6 61. Ke2 Nb2 62. Rxb2 1-0


[Site "https://www.chess.com"]

[Event "Titled Tuesday Blitz October 31 Early 2023"]
[White "Ilamparthi A R"]
[Black "Chinguun, Sumiya"]
[WhiteFideId "45015775"]
[BlackFideId "4902572"]
[WhiteElo "2930"]
[BlackElo "2677"]
[Result "1-0"]
[Round "10"]
[TimeControl "180+1"]
[Date "2023.10.31"]
[WhiteClock "0:02:19"]
[BlackClock "0:01:32"]
[Board "11"]

1. d4 Nf6 2. Nf3 g6 3. Bf4 Bg7 4. e3 O-O 5. Be2 d6 6. h3 Nc6 7. O-O Nd7 8. Bh2 e5 9. c4 f5 10. Nc3 Qe8 11. Nd5 Qd8 12. b4 Ne7 13. dxe5 Nxe5 14. Rc1 Be6 15. Ng5 Bd7 16. c5 dxc5 17. Rxc5 c6 18. Nxe7+ Qxe7 19. Bxe5 Bxe5 20. Rxe5 Qxe5 21. Qxd7 Qh8 22. Bc4+ 1-0


[Site "https://www.chess.com"]

[Event "Titled Tuesday Blitz October 31 Early 2023"]
[White "Paravyan, David"]
[Black "Alexandre, Anne Shopie Elizabeth"]
[WhiteFideId "4194985"]
[BlackFideId "11902418"]
[WhiteElo "3065"]
[BlackElo "2834"]
[Result "0-1"]
[Round "10"]
[TimeControl "180+1"]
[Date "2023.10.31"]
[WhiteClock "0:01:15"]
[BlackClock "0:00:16"]
[Board "12"]

1. e4 c6 2. d4 d5 3. Nd2 dxe4 4. Nxe4 Bf5 5. Ng3 Bg6 6. h4 h6 7. Nf3 Nd7 8. h5 Bh7 9. Bd3 Bxd3 10. Qxd3 Ngf6 11. Bd2 e6 12. O-O-O Be7 13. Kb1 Qb6 14. Nh4 O-O-O 15. Rhe1 Bb4 16. c3 Bd6 17. Ngf5 exf5 18. Nxf5 Qc7 19. Nxg7 Rdg8 20. Nf5 Rxg2 21. Qc4 Rxf2 22. Rf1 Rxf1 23. Rxf1 Nxh5 24. Qxf7 Nhf6 25. Bxh6 Nd5 26. c4 N5b6 27. c5 Nxc5 28. dxc5 Bxc5 29. Qe6+ Qd7 30. Qe5 Qd3+ 31. Kc1 Qxf1+ 32. Kc2 Qc4+ 33. Kb1 Rd8 34. Bc1 Bf8 35. a3 Qd3+ 36. Ka1 Qd5 37. Qf6 Kb8 38. Bg5 Rc8 39. Qg6 Qd7 40. Bf6 Ka8 41. Bd4 Nd5 42. Ng3 b6 43. Ne4 Kb7 44. Bg1 Re8 45. Bh2 Qe6 46. Qh7+ Re7 47. Qh8 Qxe4 48. Qxf8 Qh1+ 49. Ka2 Qxh2 50. a4 Qc7 0-1


[Site "https://www.chess.com"]

[Event "Titled Tuesday Blitz October 31 Early 2023"]
[White "Hambleton, Aman"]
[Black "Elsa167"]
[WhiteFideId "2606577"]
[WhiteElo "2803"]
[BlackElo "2987"]
[Result "1-0"]
[Round "10"]
[TimeControl "180+1"]
[Date "2023.10.31"]
[WhiteClock "0:00:03"]
[BlackClock "0:00:00"]
[Board "14"]

1. d4 Nf6 2. Bf4 g6 3. e3 Bg7 4. h3 O-O 5. Nf3 d6 6. Be2 b6 7. O-O Bb7 8. Bh2 Nbd7 9. a4 a5 10. c4 Ne4 11. Qc2 e5 12. Nbd2 Nxd2 13. Qxd2 Qe7 14. Rfd1 Rae8 15. Rac1 exd4 16. Nxd4 Nc5 17. Qc2 Be4 18. Qd2 Nxa4 19. b4 axb4 20. Qxb4 Nc5 21. Bf1 Be5 22. Bxe5 Qxe5 23. Ra1 Ra8 24. Ra3 Rxa3 25. Qxa3 Ra8 26. Qb2 Bb7 27. Ra1 Qe8 28. Nb5 Qd7 29. Rd1 Bc6 30. Qf6 Ra2 31. Nxd6 Ne4 32. Nxe4 Qxd1 33. Qxc6 Ra1 34. Ng3 h5 35. h4 Qd8 36. c5 Qxh4 37. cxb6 cxb6 38. Qxb6 Qe7 39. Qd4 Rb1 40. Ne4 Rb7 41. Nf6+ Kf8 42. Nd5 1-0


[Site "https://www.chess.com"]

[Event "Titled Tuesday Blitz October 31 Early 2023"]
[White "Shimanov, Aleksandr"]
[Black "Komov, Roman"]
[WhiteFideId "4198603"]
[BlackFideId "24175714"]
[WhiteElo "2970"]
[BlackElo "2791"]
[Result "1-0"]
[Round "10"]
[TimeControl "180+1"]
[Date "2023.10.31"]
[WhiteClock "0:00:49"]
[BlackClock "0:00:00"]
[Board "15"]

1. a4 d5 2. b4 e5 3. b5 Nf6 4. Bb2 Bd6 5. e3 O-O 6. Nf3 Re8 7. Be2 Nbd7 8. d4 e4 9. Nfd2 c6 10. c4 Nf8 11. Nc3 Ng6 12. h4 h6 13. g4 Nh7 14. cxd5 cxd5 15. g5 hxg5 16. hxg5 Be6 17. Qb3 a6 18. O-O-O axb5 19. Bxb5 Bd7 20. Qxd5 Bxb5 21. axb5 Qc7 22. b6 Qxb6 23. Nc4 Qb3 24. Rxh7 1-0


[Site "https://www.chess.com"]